 Dungeon Crawl Stone Soup version 0.19-a0-19-gf75ed07 (webtiles) character file.

2237 M4edhros the Blocker (level 9, -2/70 HPs)
             Began as a Vampire Monk on Apr 30, 2016.
             Was an Elder of Cheibriados.
             Slain by a green ugly thing (6 damage)
             ... on level 9 of the Dungeon.
             The game lasted 00:33:58 (1784 turns).

M4edhros the Blocker (Vampire Monk)                 Turns: 1784, Time: 00:33:58

Health: -2/70      AC: 12    Str: 22    XL:     9   Next: 14%
Magic:  9/9        EV: 10    Int: 21    God:    Cheibriados [****..]
Gold:   153        SH:  0    Dex: 26    Spells: 0 memorised, 8 levels left

rFire  . . .     SeeInvis +       - Unarmed
rCold  . . .     Gourm    .     b - +0 plate armour
rNeg   . . .     Faith    .     (no shield)
rPois  .         Spirit   .     i - +0 helmet
rElec  .         Dismiss  .     (no cloak)
rCorr  .         Reflect  .     (no gloves)
SustAt .         Harm     .     (no boots)
MR     .....     Clarity  +     (no amulet)
Stlth  ..........               (no ring)
                                t - +2 ring of evasion

@: lethally poisoned (-2 -> -62), regenerating very quickly, very slow, not
resistant to hostile enchantments, extremely unstealthy
A: fangs 3, rugged brown scales 1, see invisible, clarity, robust 1, unbreathing
a: Bend Time, Temporal Distortion, Slouch, Renounce Religion


You were on level 9 of the Dungeon.
You worshipped Cheibriados.
Cheibriados was greatly pleased with you.
You were almost alive.

You visited 2 branches of the dungeon, and saw 11 of its levels.
You also visited: Ossuary.

You collected 153 gold pieces.

Inventory:

Armour
 a - a +0 robe
 b - a +0 plate armour (worn)
 c - a +0 large shield
 i - a +0 helmet (worn)
Magical Staves
 r - an uncursed staff of poison
Jewellery
 t - a +2 ring of evasion (left hand)
Wands
 h - a wand of paralysis (7/24)
 q - a wand of digging (9/24)
 v - a wand of confusion (13/48)
Scrolls
 f - a scroll of enchant weapon {unknown}
 m - a scroll of amnesia {unknown}
 o - a scroll of immolation {unknown}
 p - a scroll of recharging {unknown}
 s - a scroll of remove curse {unknown}
Potions
 d - a potion of might
 j - a potion of ambrosia
 l - 2 potions of brilliance
 u - 14 potions of blood
Books
 w - a Fen Folio

   Spells                             Type                      Level
   a - Corpse Rot                     Necromancy                   2
   b - Stone Arrow                    Conjuration/Earth            3
   c - Leda's Liquefaction            Hexes/Earth                  4
   d - Summon Forest                  Summoning/Translocation      5
   e - Hydra Form                     Transmutation                6
   f - Summon Hydra                   Summoning                    7


   Skills:
 - Level 2.6 Fighting
 - Level 3.2 Dodging
 - Level 3.0 Stealth
 * Level 9.4 Shields
 - Level 8.1 Unarmed Combat
 + Level 0.6 Invocations


You had 8 spell levels left.
You didn't know any spells.

Dungeon Overview and Level Annotations

Branches:
Dungeon (10/15)            Temple (1/1) D:4
   Lair: D:8-11         Orc: D:9-12

Altars:
Cheibriados
Gozag
Kikubaaqudgha
Makhleb
Nemelex Xobeh
Qazlal
Xom
Zin
The Shining One

Shops:
D:5 *


Innate Abilities, Weirdness & Mutations

Your natural rate of healing is extremely fast.
You have razor-sharp teeth.
You have supernaturally acute eyesight.
You can survive without breathing.
You are partially covered in rugged brown scales (AC +1, +3% HP).
You possess an exceptional clarity of mind.
You are robust (+10% HP).


Message History

* * * LOW HITPOINT WARNING * * *
You feel very sick.
The green ugly thing gores you but does no damage.
Evoke which item? (* to show all) (? for menu, Esc to quit)
Zapping:
v - a wand of confusion (15/48)
Press: ? - help, Shift-Dir - straight line, f/p - green ugly thing
Aim: a green ugly thing (moderately wounded, chance to defeat MR: 28%)
The green ugly thing easily resists.
This wand has 14 charges left.
* * * LOW HITPOINT WARNING * * *
You feel very sick.
The green ugly thing gores you but does no damage.
Evoke which item? (* to show all) (? for menu, Esc to quit)
Zapping:
v - a wand of confusion (14/48)
Press: ? - help, Shift-Dir - straight line, f/p - green ugly thing
Aim: a green ugly thing (moderately wounded, chance to defeat MR: 28%)
The green ugly thing easily resists.
This wand has 13 charges left.
* * * LOW HITPOINT WARNING * * *
You feel very sick. The green ugly thing gores you.
You die...

#.........#
#.....
#>........#
#.....
#.........#
#.....
#.........#
#.....
###..######
######
###..#### #
#.......# #
#..)....#
#######
#.>@....#
##......
#.†u....#
.'......
#.......#
#......
#.<.....##.#
#......
#.......'..#
#......
#.......####
#......
#####'###
#...... ##.#
#######
###..# #


You could see a green ugly thing.

Vanquished Creatures
  A two-headed ogre (D:9)
  Prince Ribbit (D:7)
  2 hippogriffs (D:9)
  Menkaure (D:7)
  An ice beast (D:5)
  An orc warrior (D:9)
  A phantom (D:4)
  A centaur (D:7)
  An ogre (D:7)
  A giant frog (D:9)
  2 water moccasin zombies (Ossuary)
  5 killer bees (D:9)
  A crimson imp (D:9)
  3 orc priests
  2 iguanas (D:9)
  6 orc wizards
  5 worker ants
  2 big kobold zombies (Ossuary)
  2 mummies (Ossuary)
  5 adders
  3 adder zombies (Ossuary)
  A worm (D:2)
  3 orcs (D:7)
  A ball python (D:2)
  4 giant cockroaches
  6 gnoll zombies (Ossuary)
  3 hobgoblins (D:2)
  3 jackals (D:9)
  A quokka (D:9)
  2 bats (D:2)
  A giant gecko zombie (D:5)
  3 giant newts
  2 goblins (D:2)
  6 hobgoblin zombies (Ossuary)
  A jackal skeleton (D:5)
  2 kobolds (D:2)
  5 kobold zombies (Ossuary)
  6 orc zombies (Ossuary)
  2 rats (D:2)
99 creatures vanquished.

Vanquished Creatures (others)
  2 bushes (D:9)
  4 fungi (D:9)
  4 plants (D:9)
10 creatures vanquished.

Grand Total: 109 creatures vanquished

Notes
Turn   | Place    | Note
--------------------------------------------------------------
     0 | D:1      | M4edhros the Vampire Monk began the quest for the Orb.
     0 | D:1      | Reached XP level 1. HP: 17/17 MP: 1/1
   161 | D:2      | Reached skill level 5 in Unarmed Combat
   161 | D:2      | Reached XP level 2. HP: 14/23 MP: 2/2
   263 | D:2      | Gained mutation: You possess an exceptional clarity of mind. [potion of mutation]
   263 | D:2      | Gained mutation: You are partially covered in rugged brown scales (AC +1, +3% HP). [potion of mutation]
   263 | D:2      | Gained mutation: You are robust (+10% HP). [potion of mutation]
   336 | D:2      | Reached XP level 3. HP: 31/31 MP: 3/3
   351 | D:2      | Found an opulent altar of Gozag.
   484 | D:4      | Found a staircase to the Ecumenical Temple.
   500 | D:4      | Reached XP level 4. HP: 27/38 MP: 4/4
   512 | D:4      | Noticed a phantom
   522 | Temple   | Entered the Ecumenical Temple
   538 | Temple   | Became a worshipper of Cheibriados the Contemplative
   538 | Temple   | Reached * piety under Cheibriados
   538 | Temple   | Reached ** piety under Cheibriados
   649 | D:4      | Killed a phantom
   649 | D:4      | Reached XP level 5. HP: 32/44 MP: 5/5
   668 | D:5      | Entered Level 5 of the Dungeon
   668 | D:5      | Found Tip Zeth's Assorted Antiques.
   685 | D:5      | Noticed an ice beast
   690 | D:5      | Killed an ice beast
   694 | D:5      | Reached XP level 6. HP: 33/51 MP: 6/6
   791 | D:5      | Found a sand-covered staircase.
   796 | Ossuary  | Entered an ossuary
   879 | Ossuary  | Reached skill level 1 in Shields
   904 | Ossuary  | Reached skill level 2 in Shields
   924 | Ossuary  | Reached *** piety under Cheibriados
   996 | Ossuary  | Reached skill level 3 in Shields
  1108 | D:7      | Noticed Menkaure
  1116 | D:7      | Killed Menkaure
  1116 | D:7      | Reached skill level 4 in Shields
  1116 | D:7      | Reached XP level 7. HP: 57/57 MP: 7/7
  1252 | D:7      | Noticed Prince Ribbit
  1257 | D:7      | Reached skill level 5 in Shields
  1267 | D:7      | Killed Prince Ribbit
  1267 | D:7      | Reached skill level 6 in Shields
  1282 | D:7      | Reached XP level 8. HP: 43/64 MP: 8/8
  1362 | D:9      | Reached skill level 7 in Shields
  1590 | D:9      | Reached **** piety under Cheibriados
  1595 | D:9      | Reached skill level 8 in Shields
  1668 | D:9      | Noticed a two-headed ogre
  1680 | D:9      | Killed a two-headed ogre
  1680 | D:9      | Reached skill level 9 in Shields
  1680 | D:9      | Reached XP level 9. HP: 52/70 MP: 9/9
  1736 | D:10     | Entered Level 10 of the Dungeon
  1736 | D:10     | Noticed a green ugly thing
  1784 | D:9      | Slain by a green ugly thing

Vault maps used:
D:1:      dpeg_arrival_stonehenge_8_columns, tso_altar
D:2:      grunt_gozag_statues, grunt_decor_clamped, minmay_crystal_room
D:3:      gup_sewer_entry_pipe, serial_undead, serial_undead_d, serial_undead_f,
          serial_undead_d, serial_undead_d, serial_undead_e,
          nicolae_dithmenos_through_a_glass_darkly
D:4:      lemuel_doored_altar, minmay_temple_entry_large_hall
D:5:      serial_shops, shop, enter_ossuary_2, first_bread,
          minmay_fire_ice_demons
D:6:      minitemple, serial_shops, shop, nicolae_zen_rock_garden,
          minmay_ruffians
D:7:      uniq_joseph, uniq_prince_ribbit1, uniq_menkaure
D:9:      lemuel_mausoleum_altar_yredelemnul, minmay_lair_entry_grove
D:10:     zombieorc1_lemuel
Temple:   circular_temple_12
Ossuary:  ossuary_tomb_2

Skill      XL: |  1  2  3  4  5  6  7  8 |
---------------+-------------------------+-----
Unarmed Combat | 5 6 7 8 |  8.1
Shields        | 4 6 9 |  9.4
Fighting       | |  2.6
Dodging        | |  3.2
Stealth        | |  3.0
Invocations    | |  0.6

Action                   |  1- 3 |  4- 6 |  7- 9 || total
-------------------------+-------+-------+-------++-------
Melee: Unarmed           |   100 |   195 |   136 ||   431
       Bite              |     4 |    34 |    25 ||    63
       Punch             |       |     7 |     4 ||    11
Evoke: Wand              |       |     1 |    19 ||    20
  Use: Potion            |     8 |     4 |    12 ||    24
       Scroll            |     2 |     1 |     3 ||     6
 Stab: Paralysed         |       |     2 |     2 ||     4
       Confused          |       |       |     1 ||     1
Armor: Plate armour      |    50 |    82 |    70 ||   202
       Robe              |     3 |       |       ||     3
       Skin              |       |       |    23 ||    23
Dodge: Dodged            |     5 |    38 |    75 ||   118
Block: Large shield      |    39 |     6 |       ||    45
